 Dungeon Crawl Stone Soup version 0.25-a0-697-g890751e744 (webtiles) character file.

Game seed: 6763016257246000689, levelgen mode: deterministic

25776 Bapho the Severer (level 12, -9/110 HPs)
             Began as a Minotaur Berserker on Apr 1, 2020.
             Was an Elder of Trog.
             Killed from afar by a swamp worm (13 damage)
             ... with a harpoon shot
             ... on level 4 of the Lair of Beasts.
             The game lasted 00:39:10 (15871 turns).

Bapho the Severer (Minotaur Berserker)             Turns: 15871, Time: 00:39:11

Health: -9/110     AC: 11    Str: 17    XL:     12   Next: 92%
Magic:  11/11      EV: 19    Int:  8    God:    Trog [****..]
Gold:   586        SH:  0    Dex: 19    Spells: 11/11 levels left

rFire    . . .     SeeInvis .   C - +9 battleaxe of the Wheel {flame, rElec Str-5 Int+4 Dex+4}
rCold    . . .     Gourm    .   (shield currently unavailable)
rNeg     . . .     Faith    .   M - +0 acid dragon scales
rPois    +         Spirit   .   U - +1 hat
rElec    +         Reflect  .   (no cloak)
rCorr    +         Harm     .   I - +0 pair of gloves
MR       .....                  (no boots)
Stlth    +.........             (no amulet)
HPRegen  0.28/turn              (no ring)
MPRegen  0.12/turn              X - ring of poison resistance

@: no status effects
A: retaliatory headbutt, horns 2
a: Berserk, Trog's Hand, Brothers in Arms, Renounce Religion


You were on level 4 of the Lair of Beasts.
You worshipped Trog.
Trog was greatly pleased with you.
You were near starving.

You visited 2 branches of the dungeon, and saw 15 of its levels.

You collected 755 gold pieces.
You spent 169 gold pieces at shops.

Inventory:

Hand Weapons
 a - the +4 battleaxe "Egg" {vorpal, rF+ Int+6}
   (Trog gifted it to you on level 2 of the Lair of Beasts)

   It inflicts extra damage upon your enemies.
   It affects your intelligence (+6).
   It protects you from fire.
 b - a +0 shortbow
 C - the +9 battleaxe of the Wheel (weapon) {flame, rElec Str-5 Int+4 Dex+4}
   (Trog gifted it to you on level 11 of the Dungeon)

   It has been specially enchanted to burn those struck by it, causing extra
   injury to most foes and up to half again as much damage against particularly
   susceptible opponents.
   Big, fiery blades are also staple armaments of hydra-hunters.
   It affects your strength (-5).
   It affects your intelligence (+4).
   It affects your dexterity (+4).
   It insulates you from electricity.
 Q - a +4 antimagic battleaxe
Missiles
 g - 272 stones
 o - 134 bolts
 t - 2 boomerangs (quivered)
 K - 97 arrows
Armour
 I - a +0 pair of gloves (worn)
 M - +0 acid dragon scales (worn)
 U - a +1 hat (worn)
 V - a +0 animal skin
Jewellery
 i - an uncursed ring of protection from magic {unknown}
 D - an uncursed amulet of rage
 X - a ring of poison resistance (right hand)
Wands
 q - a wand of digging (7)
 x - a wand of random effects (53)
 H - a wand of iceblast (11)
 J - a wand of disintegration (15)
 O - a wand of enslavement (8)
 P - a wand of flame (7)
Scrolls
 d - 2 scrolls of blinking
 e - a scroll of acquirement {unknown}
 f - 3 scrolls of enchant armour
 h - 3 scrolls of amnesia
 j - 2 scrolls of vulnerability {unknown}
 m - 8 scrolls of remove curse
 n - 2 scrolls of noise {unknown}
 s - 5 scrolls of fear {unknown}
 v - a scroll of brand weapon {unknown}
 y - 4 scrolls of immolation {unknown}
 z - 3 scrolls of teleportation {unknown}
 E - 2 scrolls of enchant weapon
 F - a scroll of fog {unknown}
 L - a scroll of magic mapping {unknown}
 Z - 3 scrolls of identify
Potions
 l - a potion of brilliance
 p - 6 potions of heal wounds
 r - 6 potions of stabbing
 u - a potion of mutation
 w - 5 potions of curing
 A - 3 potions of invisibility
 B - 5 potions of haste
 G - 3 potions of flight
 N - 2 potions of ambrosia
 R - 3 potions of lignification {unknown}
 S - a potion of berserk rage
Miscellaneous
 k - a tin of tremorstones
Comestibles
 c - 28 rations


   Skills:
 - Level 11.0 Fighting
 * Level 17.0 Axes
 + Level 6.4 Bows
 - Level 10.7 Armour
 - Level 9.9 Dodging


You had 11 spell levels left.
You didn't know any spells.
Your spell library contained the following spells:

 Spells                   Type           Power        Failure   Level  Hunger
 Animate Skeleton         Necr           N/A          50%         1    ##.....
 Apportation              Tloc           #.....       50%         1    ##.....
 Corona                   Hex            #......      50%         1    ##.....
 Foxfire                  Conj/Fire      #...         50%         1    ##.....
 Infusion                 Chrm           #...         50%         1    ##.....
 Pain                     Necr           #...         50%         1    ##.....
 Summon Small Mammal      Summ           #...         50%         1    ##.....
 Call Imp                 Summ           #.......     63%         2    ###....
 Shroud of Golubria       Chrm/Tloc      #.....       63%         2    ###....
 Song of Slaying          Chrm           #.......     63%         2    ###....
 Call Canine Familiar     Summ           #.......     86%         3    ####...
 Conjure Flame            Conj/Fire      #.......     86%         3    ####...
 Inner Flame              Hex/Fire       #.......     86%         3    ####...
 Ozocubu's Armour         Chrm/Ice       #.......     86%         3    ####...
 Spectral Weapon          Hex/Chrm       #.......     86%         3    ####...
 Summon Guardian Golem    Hex/Summ       #.......     86%         3    ####...
 Vampiric Draining        Necr           #.........   86%         3    ####...
 Animate Dead             Necr           N/A          99%         4    #####..
 Sticky Flame             Conj/Fire      #.......     99%         4    #####..
 Summon Ice Beast         Ice/Summ       #.......     99%         4    #####..
 Summon Lightning Spire   Summ/Air       #.......     99%         4    #####..
 Agony                    Necr           #.......     100%        5    ######.
 Fireball                 Conj/Fire      #.........   100%        5    ######.


Dungeon Overview and Level Annotations

Branches:
Dungeon (11/15)            Temple (0/1) D:7            Lair (4/6) D:8
  Snake (0/4) Lair:3
  Swamp: Lair:2-4    Shoals: Lair:2-4       Orc: D:9-12

Altars:
Cheibriados
Dithmenos
Elyvilon
Hepliaklqana
Kikubaaqudgha
Nemelex Xobeh
Qazlal
Trog
Uskayaw
Vehumet
Xom
Zin

Shops:
D:10 !

Annotations:
D:8 1 runed translucent door, walterwhite's ghost, novice SpCj
D:10 2 transporters, Anaz's ghost, novice DgAE
Lair:1 exclusion: 4 oklob plants
Lair:3 2 runed translucent doors, Maib Irur's ghost, journeyman GnAr
Lair:4 1 runed translucent door, Anness's ghost, journeyman DsFE


Innate Abilities, Weirdness & Mutations

You reflexively headbutt those who attack you in melee.
You have a pair of horns on your head.


Message History

The five-headed hydra is heavily wounded.
The five-headed hydra bites you! x2
* * * LOW HITPOINT WARNING * * *
The five-headed hydra misses you. The five-headed hydra bites you.
* * * LOW HITPOINT WARNING * * *
The five-headed hydra closely misses you.
A swamp worm comes into view.
You slice one of the five-headed hydra's heads off!
The flame cauterises the wound!
You slash the four-headed hydra! You burn the four-headed hydra.
The four-headed hydra is severely wounded.
The four-headed hydra bites you!
* * * LOW HITPOINT WARNING * * *
The four-headed hydra bites you!
* * * LOW HITPOINT WARNING * * *
The four-headed hydra completely misses you.
The four-headed hydra barely misses you.
The swamp worm fires a harpoon shot at you.
The harpoon shot hits you!
You die...

.........#...##
.♣♣.♣♣#w###...#
♣§ ♣.###..## ≈
♣.#P.#.# ♣..w...#
♣w.....#
♣♣....<.#
...♣♣♣♣♣.......#
.......@.......#
.......D........#
....###..###.%.##
... #..# ....# .
.#(# ...## ....(
... ##..# .#


You could see a four-headed hydra and 2 swamp worms.

Vanquished Creatures
  Harold (D:11)
  3 hydras
  2 two-headed ogres
  An unseen horror (D:10)
  A lindwurm (Lair:2)
  An oklob plant (Lair:3)
  A cyclops (D:9)
  A black mamba (Lair:1)
  3 elephants (Lair:2)
  2 ugly things
  5 spiny frogs
  Maggie (D:7)
  2 komodo dragons (Lair:2)
  A rime drake (Lair:4)
  A troll (D:9)
  A hornet (Lair:2)
  A tyrant leech (Lair:4)
  7 hippogriffs
  4 blink frogs (Lair:3)
  Sigmund (D:4)
  19 yaks
  A basilisk (Lair:4)
  3 wyverns
  A swamp worm (Lair:4)
  Menkaure (D:7)
  A naga (Lair:3)
  10 water moccasins
  8 porcupines
  Duvessa (D:4)
  2 orc warriors
  2 sky beasts
  3 ice beasts
  A necrophage (D:10)
  A black bear (D:6)
  An eye of draining (D:10)
  3 ogres
  2 phantoms
  3 centaurs
  12 crocodiles
  13 bullfrogs
  2 big kobolds
  2 wyvern zombies
  Dowan (D:4)
  3 scorpions
  14 killer bees
  17 wights
  An electric eel (D:10)
  A howler monkey (D:3)
  2 bullfrog zombies
  7 crimson imps
  A quasit (D:5)
  5 centaur zombies
  3 hounds
  2 jellies
  7 orc priests
  2 centaur skeletons
  9 orc wizards
  5 iguanas
  Jessica (D:2)
  6 worker ants
  A hound zombie (D:6)
  A mummy (D:9)
  10 gnolls
  A worker ant zombie (D:11)
  A howler monkey skeleton (D:4)
  18 adders
  A shadow imp (D:6)
  2 oozes (D:5)
  An adder skeleton (D:6)
  2 dart slugs
  2 worms
  7 leopard geckos
  41 orcs
  A ball python (D:3)
  7 bats
  7 giant cockroaches
  8 goblins
  5 hobgoblins
  19 jackals
  7 kobolds
  4 quokkas
  4 frilled lizards
  A quokka skeleton (D:7)
  A quokka zombie (D:5)
  10 rats
  A fungus (Lair:3)
  4 plants (Lair:2)
386 creatures vanquished.

Vanquished Creatures (others)
  A bullfrog (Lair:2)
  A bush (Lair:3)
  6 fungi
  5 plants
13 creatures vanquished.

Grand Total: 399 creatures vanquished

Notes
Turn   | Place    | Note
-------+----------+-------------------------------------------
     0 | D:1      | Bapho the Minotaur Berserker began the quest for the Orb.
     0 | D:1      | Reached XP level 1. HP: 19/19 MP: 0/0
   268 | D:1      | Reached XP level 2. HP: 27/27 MP: 1/1
   320 | D:1      | Reached skill level 4 in Axes
   759 | D:2      | Reached XP level 3. HP: 33/33 MP: 2/2
   768 | D:2      | Reached XP level 4. HP: 40/40 MP: 3/3
   955 | D:2      | Reached ** piety under Trog
  1012 | D:2      | Reached skill level 5 in Axes
  1255 | D:2      | Noticed Jessica
  1260 | D:2      | Killed Jessica
  1363 | D:2      | Reached XP level 5. HP: 47/47 MP: 4/4
  1364 | D:2      | Found a shimmering altar of Xom,
  2370 | D:4      | Noticed Duvessa
  2370 | D:4      | Noticed Dowan
  2384 | D:4      | Killed Duvessa
  2384 | D:4      | Reached skill level 5 in Fighting
  2384 | D:4      | Reached skill level 6 in Axes
  2384 | D:4      | Reached XP level 6. HP: 56/56 MP: 5/5
  2442 | D:4      | Killed Dowan
  2831 | D:4      | Found a stormy altar of Qazlal,
  2845 | D:4      | Noticed Sigmund
  2855 | D:4      | Killed Sigmund
  2855 | D:4      | Reached skill level 7 in Axes
  2855 | D:4      | Reached XP level 7. HP: 61/61 MP: 6/6
  3004 | D:4      | You fall into a shaft and drop 2 floors!
  3012 | D:5      | Entered Level 5 of the Dungeon
  3200 | D:5      | Reached skill level 5 in Armour
  3457 | D:5      | Reached *** piety under Trog
  3704 | D:5      | Reached skill level 5 in Dodging
  3705 | D:5      | Reached XP level 8. HP: 69/70 MP: 7/7
  3814 | D:5      | Reached skill level 8 in Axes
  4906 | D:6      | Found a radiant altar of Vehumet,
  5012 | D:6      | Found an ancient bone altar of Kikubaaqudgha,
  5080 | D:6      | Found a hazy altar of Hepliaklqana,
  5394 | D:7      | Reached skill level 9 in Axes
  5399 | D:7      | Reached **** piety under Trog
  5579 | D:7      | Found a staircase to the Ecumenical Temple,
  5881 | D:7      | Found a glowing silver altar of Zin,
  6214 | D:7      | Found a white marble altar of Elyvilon,
  6225 | D:7      | Noticed Maggie
  6249 | D:7      | Killed Maggie
  6249 | D:7      | Reached XP level 9. HP: 49/79 MP: 8/8
  6610 | D:7      | Noticed Menkaure
  6626 | D:7      | Killed Menkaure
  6626 | D:7      | Reached skill level 10 in Axes
  6855 | D:8      | Found a runed translucent door,
  6855 | D:8      | Found a shimmering altar of Xom,
  6855 | D:8      | Noticed walterwhite's ghost (novice SpCj)
  6855 | D:8      | Noticed a +1 short sword of chaos
  6874 | D:8      | Found a shadowy altar of Dithmenos,
  7057 | D:8      | Found a bloodstained altar of Trog,
  7062 | D:8      | Found a hide-covered altar of Uskayaw,
  7068 | D:8      | Found a sparkling altar of Nemelex Xobeh,
  7215 | D:8      | Found a staircase to the Lair,
  7357 | D:8      | Reached skill level 11 in Axes
  7433 | D:8      | Noticed a two-headed ogre
  7444 | D:8      | Killed a two-headed ogre
  7444 | D:8      | Reached XP level 10. HP: 29/90 MP: 9/9
  7766 | D:8      | Noticed a purple ugly thing
  7779 | D:8      | Killed a purple ugly thing
  8285 | D:9      | Noticed a two-headed ogre
  8296 | D:9      | Killed a two-headed ogre
  8313 | D:9      | Reached skill level 12 in Axes
  8565 | D:9      | Noticed a cyclops
  8579 | D:9      | Killed a cyclops
  8725 | D:9      | Reached ***** piety under Trog
  8725 | D:9      | Received a gift from Trog
  9056 | D:9      | Found a snail-covered altar of Cheibriados,
  9122 | D:10     | Entered Level 10 of the Dungeon
  9314 | D:10     | Found a transporter,
  9327 | D:10     | Found a transporter,
  9328 | D:10     | Noticed a wolf spider
  9348 | D:10     | Noticed Anaz's ghost (novice DgAE)
  9556 | D:10     | Killed an unseen horror
  9556 | D:10     | Reached skill level 13 in Axes
  9556 | D:10     | Reached XP level 11. HP: 99/99 MP: 3/10
  9904 | D:10     | Found Tefoov's Distillery,
  9912 | D:10     | Bought a potion of curing for 39 gold pieces
  9912 | D:10     | Bought a potion of heal wounds for 65 gold pieces
  9912 | D:10     | Bought a potion of heal wounds for 65 gold pieces
 10072 | D:10     | Reached skill level 10 in Fighting
 10187 | D:11     | Received a gift from Trog
 10233 | D:11     | Noticed a brown ugly thing
 10237 | D:11     | Reached skill level 10 in Armour
 10528 | D:10     | Killed a brown ugly thing
 10688 | D:11     | Noticed Harold
 10701 | D:11     | Killed Harold
 10701 | D:11     | Reached skill level 14 in Axes
 10721 | D:11     | Got an ichor-stained battleaxe {god gift}
 10722 | D:11     | Identified the +9 battleaxe of the Wheel {flame, rElec
                  | Str-5 Int+4 Dex+4} (Trog gifted it to you on level 11 of
                  | the Dungeon)
 11215 | Lair:1   | Entered Level 1 of the Lair of Beasts
 11479 | Lair:1   | Noticed a four-headed hydra
 11486 | Lair:1   | Killed a one-headed hydra
 11502 | Lair:1   | Noticed an oklob plant
 11503 | Lair:1   | Noticed an oklob plant
 11701 | Lair:1   | Noticed a seven-headed hydra
 11707 | Lair:1   | Killed a five-headed hydra
 11979 | Lair:1   | Reached XP level 12. HP: 110/110 MP: 11/11
 12493 | Lair:2   | Reached skill level 1 in Bows
 12846 | Lair:2   | Reached skill level 15 in Axes
 13736 | Lair:2   | Noticed an eight-headed hydra
 13744 | Lair:2   | Killed a five-headed hydra
 13827 | Lair:2   | Reached skill level 16 in Axes
 13967 | Lair:2   | Received a gift from Trog
 13987 | Lair:2   | Reached skill level 5 in Bows
 13999 | Lair:2   | Got a shimmering battleaxe {god gift}
 14001 | Lair:2   | Identified the +4 battleaxe "Egg" {vorpal, rF+ Int+6} (Trog
                  | gifted it to you on level 2 of the Lair of Beasts)
 14581 | Lair:3   | Found a large runed translucent door,
 14582 | Lair:3   | Found a large runed translucent door,
 14994 | Lair:3   | Found a staircase to the Snake Pit,
 15534 | Lair:3   | Noticed Maib Irur's ghost (journeyman GnAr)
 15651 | Lair:4   | Found a runed translucent door,
 15652 | Lair:4   | Found a shimmering altar of Xom,
 15652 | Lair:4   | Noticed Anness's ghost (journeyman DsFE)
 15860 | Lair:4   | Reached skill level 17 in Axes
 15861 | Lair:4   | Noticed a four-headed hydra
 15871 | Lair:4   | HP: 4/110 [four-headed hydra (11)]
 15871 | Lair:4   | Killed from afar by a swamp worm

Levels and vault maps discovered:
D:1:      dpeg_arrival_arbitrary_c, layout_basic, minmay_misc_feat_roman
D:2:      layout_basic, marbit_many_paths, uniq_jessica
D:3:      layout_basic, minmay_misc_feat_more_columns, nrook_uturn
D:4:      layout_cave_pools, grunt_qazlal_clouds, minmay_goblin_kobold_house,
          uniq_sigmund, uniq_duvessa
D:5:      layout_loops_ring, first_ration
D:6:      black_bear_nest_2, layout_rooms, fiery_altar_vehumet,
          nicolae_overflow_hidden_temple, nicolae_overflow_crystal_walls,
          minmay_strange_pillars
D:7:      layout_layer_cave, elyvilon_altar_5, kennysheep_mini_moat,
          minmay_temple_entry_enclosed_plants, minmay_holes, uniq_menkaure,
          uniq_maggie
D:8:      layout_loops_ring, chequers_temple_overflow_statue_of_worship,
          lair_entry_dummy, ebering_ghost_xom, blue_anna_alchemist
          [blue_anna_fruit_fields, blue_anna_fruit_fields], roderic_lattice_a,
          nicolae_dithmenos_shadow_blocks
D:9:      layout_rooms, slow_altar_1
D:10:     layout_stronghold, gammafunk_ghost_berserking_beasts, serial_undead,
          serial_undead_c, serial_undead_b, serial_undead_f, serial_undead_e,
          serial_shops, kennysheep_mini, serial_bayou_ford_a
D:11:     layout_cave_pools, uniq_harold
Lair:1:   dpeg_oklob_gauntlet, layout_concentric_octagons,
          infiniplex_staircase_pool
Lair:2:   cheibrodos_lair_overgrown_chateau, layout_misc_corridors,
          minivault_24, fungi_pond_lemuel, lemuel_old_faithful
Lair:3:   layout_chaotic_city, guppyfry_snake_entry_garden,
          ebering_ghost_disaster_area
Lair:4:   layout_regular_city, minmay_swamp_entry_worms, ebering_ghost_xom,
          chequers_serial_rivers_micro_c, patterned_corridor, uniq_josephine

Skill      XL: |  1  2  3  4  5  6  7  8  9 10 11 12 |
---------------+-------------------------------------+-----
Axes           | 4 5 6 7 9 11 13 14 17 | 17.0
Fighting       | 4 5 6 7 8 9 11 | 11.0
Armour         | 3 4 5 6 8 9 10 | 10.7
Dodging        | 3 4 5 6 7 8 9 |  9.9
Bows           | 6 |  6.4

Action                   |  1- 3 |  4- 6 |  7- 9 | 10-12 || total
-------------------------+-------+-------+-------+-------++-------
Melee: Hand axe          |    29 |   125 |   112 |       ||   266
       Headbutt          |     3 |    22 |    74 |    82 ||   181
       War axe           |       |       |   176 |    60 ||   236
       Battleaxe         |       |       |       |   359 ||   359
 Fire: Shortbow          |       |       |       |   141 ||   141
Throw: Stone             |    10 |    64 |       |       ||    74
       Boomerang         |       |    33 |   129 |   193 ||   355
Invok: Berserk           |     1 |     4 |     5 |     8 ||    18
       Trog's Hand       |       |     3 |       |     1 ||     4
  Use: Scroll            |       |       |    10 |     5 ||    15
 Stab: Distracted        |       |       |     1 |     1 ||     2
       Sleeping          |       |       |       |     1 ||     1
  Eat: Chunk             |       |    10 |    21 |    16 ||    47
       Ration            |       |       |       |     5 ||     5
Armor: Chain mail        |     5 |       |       |       ||     5
       Plate armour      |     7 |    63 |   129 |       ||   199
       Acid dragon scale |       |       |    21 |   121 ||   142
Dodge: Dodged            |    12 |    43 |   138 |   357 ||   550

Table legend:
 A = Non-vault XP
 B = Vault XP
 C = Vault XP percentage of total XP
 D = Non-vault monster count
 E = Vault monster count
 F = Vault count percentage of total count
                 A         B        C        D         E       F
            +---------+---------+-------+---------+---------+-------
      Total |   29244 |    7579 |  20.6 |     340 |      41 |  10.8
            +---------+---------+-------+---------+---------+-------
        D:1 |      29 |       0 |   0.0 |      12 |       0 |   0.0
        D:2 |     129 |      39 |  23.2 |      19 |       2 |   9.5
        D:3 |     167 |       0 |   0.0 |      29 |       0 |   0.0
        D:4 |     197 |     447 |  69.4 |      14 |       8 |  36.4
        D:5 |     583 |       0 |   0.0 |      24 |       0 |   0.0
        D:6 |     179 |     124 |  40.9 |      14 |       1 |   6.7
        D:7 |     891 |     572 |  39.1 |      29 |       2 |   6.5
        D:8 |    2920 |      95 |   3.2 |      39 |       1 |   2.5
        D:9 |    2908 |      18 |   0.6 |      22 |       1 |   4.3
       D:10 |    4264 |     327 |   7.1 |      50 |       6 |  10.7
       D:11 |    2775 |    1044 |  27.3 |      29 |       1 |   3.3
     Lair:1 |    4303 |       0 |   0.0 |      15 |       0 |   0.0
     Lair:2 |    4970 |    4297 |  46.4 |      21 |      16 |  43.2
     Lair:3 |    3476 |     157 |   4.3 |      16 |       1 |   5.9
     Lair:4 |    1453 |     459 |  24.0 |       7 |       2 |  22.2
            +---------+---------+-------+---------+---------+-------
